 Dungeon Crawl Stone Soup version 0.23-a0-636-g0ff6057 (webtiles) character file.

127 Matador8 the Grasshopper (level 4, -3/36 HPs)
             Began as a Draconian Warper on Dec 28, 2018.
             Was an Initiate of Gozag.
             Slain by a bullfrog (7 damage)
             ... on level 4 of the Dungeon.
             The game lasted 00:13:11 (3758 turns).

Matador8 the Grasshopper (Draconian Warper)         Turns: 3758, Time: 00:13:11

Health: -3/36      AC:  6    Str: 14    XL:     4   Next: 85%
Magic:  1/7        EV: 12    Int: 14    God:    Gozag
Gold:   219        SH:  0    Dex: 10    Spells: 3/7 levels left

rFire    . . .     SeeInvis .   a - +0 falchion
rCold    . . .     Gourm    .   (no shield)
rNeg     . . .     Faith    .   (armour unavailable)
rPois    .         Spirit   .   (helmet restricted)
rElec    .         Reflect  .   (no cloak)
rCorr    .         Harm     .   z - +0 pair of gloves
MR       .....                  (no boots)
Stlth    +.........             (no amulet)
HPRegen  0.12/turn              (no ring)
MPRegen  0.10/turn              (no ring)

@: no status effects
A: unfitting armour, cold-blooded, AC +5
a: Potion Petition, Call Merchant, Bribe Branch, Renounce Religion


You were on level 4 of the Dungeon.
You worshipped Gozag.
Gozag was aware of your devotion.
You were not hungry.

You visited 1 branch of the dungeon, and saw 5 of its levels.

You collected 292 gold pieces.
You paid 73 gold pieces to Gozag.

Inventory:

Hand Weapons
 a - a +0 falchion (weapon)
Missiles
 d - 5 tomahawks of dispersal (quivered)
 s - 3 tomahawks
 t - 12 poisoned needles
Armour
 u - a +0 shield
 z - a +0 pair of gloves (worn)
Jewellery
 e - an uncursed ring of ice {unknown}
 w - an uncursed ring of fire {unknown}
 y - an uncursed ring of wizardry {unknown}
 B - an uncursed ring of ice {unknown}
Scrolls
 b - 9 scrolls of identify {unknown}
 c - 2 scrolls of blinking
 g - 3 scrolls of remove curse {unknown}
 i - 5 scrolls of teleportation {unknown}
 l - a scroll of enchant armour {unknown}
 m - 2 scrolls of magic mapping {unknown}
 o - a scroll of fear {unknown}
 q - a scroll of fog {unknown}
 v - a scroll of enchant weapon {unknown}
Potions
 h - a potion of haste {unknown}
 j - 2 potions of magic {unknown}
 k - 2 potions of heal wounds {unknown}
 n - a potion of degeneration {unknown}
 p - a potion of agility {unknown}
 r - a potion of curing {unknown}
 x - a potion of invisibility {unknown}
 A - a potion of cancellation {unknown}
Comestibles
 f - 3 rations


   Skills:
 - Level 2.1 Fighting
 + Level 4.1 Long Blades
 - Level 0.8 Throwing
 - Level 2.1 Dodging
 - Level 2.0 Spellcasting
 + Level 4.2 Translocations


You had 3 spell levels left.
You knew the following spells:

 Your Spells              Type           Power        Failure   Level  Hunger
a - Blink                 Tloc           N/A          6%          2    ###....
b - Shroud of Golubria    Chrm/Tloc      #.........   16%         2    ###....

Your spell library contained the following spells:

 Spells                   Type           Power        Failure   Level  Hunger
 Gell's Gravitas          Tloc           ##........   12%         3    ####...
 Lesser Beckoning         Tloc           ##........   12%         3    ####...
 Teleport Other           Tloc           ##......     12%         3    ####...
 Passage of Golubria      Tloc           N/A          38%         4    #####..


Dungeon Overview and Level Annotations

Branches:
Dungeon (5/15)
 Temple: D:4-7

Altars:
Fedhas
Gozag


Innate Abilities, Weirdness & Mutations

Your plain brown scales are hard. (AC +5)
You cannot fit into any form of body armour.
You are cold-blooded and may be slowed by cold attacks.


Message History

The bullfrog hits you but does no damage.
The bullfrog barely misses you. The bullfrog closely misses you.
The bullfrog hits you.
* * * LOW HITPOINT WARNING * * *
Casting: Blink (safe; 6% risk of failure)
Confirm with . or Enter, or press ? or * to list all spells.
You blink.
The bullfrog snags a nearby centipede with its tongue.
The bullfrog releases a deep croak.
The bullfrog closely misses you. The bullfrog closely misses you.
You riposte.
You hit the bullfrog.
The bullfrog is moderately wounded.
The ogre shouts!
The bullfrog barely misses you. The bullfrog hits you.
* * * LOW HITPOINT WARNING * * *
The bullfrog hits you!
You die...
Your body crumbles into a pile of gold.

####..##.##.######.######
#........................
########..................######
#...........####O.........#
#.####......# #..........#
##.####.#.#.## #.).######.#
.....##.#.#.# #...# #.#
.#.####.#.#.#####F..######.##
.._..##.#.#..<..@...........#
##.#.##.#.###.......######..#####
.....#..............# #..#....
##.###.......######.######..#.##.
...# #....##.# #...[..........
...# #...###.# #######...#.#..
#..###.#.# #.# #..........
#<....<#.# #.# #.#...###.#
#..#####.###.## #.##..# #.#


You could see an ogre and a bullfrog.

Vanquished Creatures
  Jessica (D:3)
  A worker ant (D:4)
  An adder (D:5)
  A gnoll (D:2)
  2 worms (D:3)
  2 dart slugs
  3 leopard geckos
  3 orcs
  5 giant cockroaches
  3 goblins
  4 hobgoblins
  5 kobolds
  A ball python (D:1)
  5 bats
  4 frilled lizards
  6 rats
47 creatures vanquished.

Notes
Turn   | Place    | Note
-------+----------+-------------------------------------------
     0 | D:1      | Matador8 the Draconian Warper began the quest for the Orb.
     0 | D:1      | Reached XP level 1. HP: 17/17 MP: 3/3
    90 | D:1      | Reached XP level 2. HP: 16/24 MP: 5/5
    94 | D:1      | Learned a level 2 spell: Blink
    97 | D:1      | Learned a level 2 spell: Shroud of Golubria
  1241 | D:2      | Reached XP level 3. HP: 29/29 MP: 6/6
  2134 | D:3      | Found a blossoming altar of Fedhas.
  2217 | D:3      | Noticed Jessica
  2235 | D:3      | Killed Jessica
  2235 | D:3      | Reached XP level 4. HP: 36/36 MP: 4/7
  2558 | D:4      | Noticed an ogre
  2611 | D:4      | Found an opulent altar of Gozag.
  2619 | D:4      | Became a worshipper of Gozag Ym Sagoz the Greedy
  3466 | D:5      | Entered Level 5 of the Dungeon
  3701 | D:5      | Noticed an ogre
  3702 | D:5      | Noticed a bullfrog
  3758 | D:4      | Slain by a bullfrog

Vault maps used:
D:1:      dpeg_arrival_another_circle
D:2:      serial_rivers, chequers_serial_rivers_large_a,
          chequers_serial_rivers_marsh, chequers_serial_rivers_micro_e,
          chequers_serial_rivers_marsh, minmay_pentomino_z2
D:3:      lemuel_doored_altar, serial_bayou_pond_d, solitary_fountain,
          uniq_jessica
D:4:      nicolae_gozag_cash_rules_everything_around_me
D:5:      kennysheep_mini_moat, temple_hall, first_ration

Skill      XL: |  1  2  3  4 |
---------------+-------------+-----
Long Blades    | 3 4 |  4.1
Translocations | 4 |  4.2
Fighting       | |  2.1
Throwing       | |  0.8
Dodging        | |  2.1
Spellcasting   | |  2.0

Action                   |  1- 3 |  4- 6 || total
-------------------------+-------+-------++-------
Melee: Falchion          |   122 |    38 ||   160
       Tailslap          |    17 |    10 ||    27
 Cast: Shroud of Golubri |     1 |     3 ||     4
       Blink             |       |     9 ||     9
 Stab: Sleeping          |       |     1 ||     1
  Eat: Chunk             |     4 |     1 ||     5
       Ration            |       |     2 ||     2
Armor: Skin              |    37 |    15 ||    52
Dodge: Dodged            |    57 |    31 ||    88
       Rpst.: Falchion   |    15 |    10 ||    25

Table legend:
 A = Non-vault XP
 B = Vault XP
 C = Vault XP percentage of total XP
 D = Non-vault monster count
 E = Vault monster count
 F = Vault count percentage of total count
                 A         B        C        D         E       F
            +---------+---------+-------+---------+---------+-------
      Total |     129 |      53 |  29.1 |      44 |       3 |   6.4
            +---------+---------+-------+---------+---------+-------
        D:1 |      34 |       0 |   0.0 |      20 |       0 |   0.0
        D:2 |      13 |      16 |  55.2 |       9 |       2 |  18.2
        D:3 |      26 |      37 |  58.7 |      10 |       1 |   9.1
        D:4 |      42 |       0 |   0.0 |       4 |       0 |   0.0
        D:5 |      14 |       0 |   0.0 |       1 |       0 |   0.0
            +---------+---------+-------+---------+---------+-------
